 Dungeon Crawl Stone Soup version 0.20-a0-809-gaf7f668 (webtiles) character file.

8133 nubinia the Covert (level 11, 51/51 HPs)
             Began as a Spriggan Venom Mage on Mar 3, 2017.
             Was a Priest of Sif Muna.
             Quit the game on level 11 of the Dungeon.
             The game lasted 01:03:50 (10842 turns).

nubinia the Covert (Spriggan Venom Mage)           Turns: 10842, Time: 01:03:51

Health: 51/51      AC: -1    Str: 10    XL:     11   Next: 5%
Magic:  33/35      EV: 22    Int: 21    God:    Sif Muna [***...]
Gold:   630        SH:  8    Dex: 16    Spells: 23/31 levels left

rFire    x . .     SeeInvis +   v - +0 dagger (venom)
rCold    . . .     Gourm    .   a - +0 robe
rNeg     . . .     Faith    .   r - +2 buckler
rPois    .         Spirit   .   (helmet restricted)
rElec    +         Reflect  .   (no cloak)
rCorr    .         Harm     .   (gloves unavailable)
MR       +....                  (boots unavailable)
Stlth    +++++.....             (no amulet)
Regen    0.2/turn               t - ring "Latsuiss" {Wiz rElec rF- MP+9 Str+6}
MPRegen  0.3/turn               I - -3 ring of protection (curse)

@: divine energy, very quick
A: unfitting armour, see invisible, herbivore 3, speed 3, slow metabolism 2
a: Stop Divine Energy, Channel Magic, Renounce Religion


You were on level 11 of the Dungeon.
You worshipped Sif Muna.
Sif Muna was most pleased with you.
You were not hungry.

You visited 2 branches of the dungeon, and saw 12 of its levels.

You collected 630 gold pieces.

Inventory:

Hand Weapons
 h - a +1 short sword
 u - a +1 rapier of draining
 v - a +0 dagger of venom (weapon)
Armour
 a - a +0 robe (worn)
 e - +0 acid dragon scales
 r - a +2 buckler (worn)
Jewellery
 g - an uncursed ring of protection from fire
 t - the ring "Latsuiss" (right hand) {Wiz rElec rF- MP+9 Str+6}
   (You found it on level 4 of the Dungeon)

   [ring of wizardry]

   It improves your spell success rate.
   It affects your strength (+6).
   It makes you vulnerable to fire.
   It insulates you from electricity.
   It affects your magic capacity (+9).
 A - an uncursed ring of stealth
 I - a cursed -3 ring of protection (left hand)
Wands
 j - a wand of enslavement (6/24)
 o - a wand of lightning (0/15)
 z - a wand of lightning (9/15)
 B - a wand of flame (8/48)
 K - a wand of confusion (2/48)
 L - a wand of confusion (7/48)
Scrolls
 d - 5 scrolls of teleportation
 f - a scroll of fear
 k - 3 scrolls of fog
 q - 2 scrolls of recharging
 y - 2 scrolls of immolation
 F - 6 scrolls of identify
 H - 2 scrolls of amnesia {unknown}
 J - a scroll of noise {unknown}
Potions
 i - a potion of flight {unknown}
 l - 5 potions of heal wounds
 m - 2 potions of curing
 n - 3 potions of lignification
 p - 3 potions of agility
 s - 4 potions of brilliance
 w - a potion of resistance {unknown}
 C - a potion of ambrosia {unknown}
 E - 2 potions of haste
Books
 b - a Young Poisoner's Handbook

   Spells                             Type                      Level
   a - Sting                          Conjuration/Poison           1
   b - Poisonous Vapours              Poison/Air                   2
   c - Mephitic Cloud                 Conjuration/Poison/Air       3
   d - Olgreb's Toxic Radiance        Poison                       4
   e - Venom Bolt                     Conjuration/Poison           5
 G - a book of Battle

   Spells                             Type                      Level
   a - Infusion                       Charms                       1
   b - Shroud of Golubria             Charms/Translocation         2
   c - Song of Slaying                Charms                       2
   d - Spectral Weapon                Hexes/Charms                 3
   e - Regeneration                   Charms/Necromancy            3
Comestibles
 c - 6 bread rations
 x - 28 fruits
 D - a royal jelly


   Skills:
 + Level 2.6 Fighting
 + Level 6.5 Short Blades
 + Level 6.8 Dodging
 + Level 11.9 Stealth
 + Level 3.1 Shields
 * Level 10.6 Spellcasting
 + Level 1.8 Conjurations
 * Level 4.8 Charms
 * Level 4.2 Translocations
 + Level 4.5 Air Magic
 - Level 5.1 Poison Magic
 + Level 1.0 Evocations


You had 23 spell levels left.
You knew the following spells:

 Your Spells              Type           Power        Failure   Level  Hunger
a - Sting                 Conj/Pois      ####         1%          1    None
b - Poisonous Vapours     Pois/Air       ####..       1%          2    None
c - Mephitic Cloud        Conj/Pois/Air  ####....     2%          3    None
g - Shroud of Golubria    Chrm/Tloc      ####......   1%          2    None


Dungeon Overview and Level Annotations

Branches:
Dungeon (11/15)            Temple (1/1) D:7            Lair (0/6) D:10
    Orc (0/2) D:10

Altars:
Ashenzari
Fedhas
Gozag
Hepliaklqana
Kikubaaqudgha
Makhleb
Nemelex Xobeh
Qazlal
Sif Muna
Trog
Vehumet
Yredelemnul
Zin

Annotations:
D:4 Grinder
D:7 Sapher's ghost, amateur VSFi
D:9 Sapher's ghost, novice VSFi


Innate Abilities, Weirdness & Mutations

You are very small and have problems with some larger weapons.
You are too small for most types of armour.
You have supernaturally acute eyesight. (SInv)
You are a herbivore.
You cover ground extremely quickly.
You need consume almost no food.


Message History

Aim: an ogre, wielding a giant club (severely wounded, poisoned)
The ball explodes into a vile cloud!
The stinking cloud engulfs the ogre.
The ogre is severely wounded.
The ogre is engulfed in noxious fumes.
The ogre appears confused.
The ogre is engulfed in noxious fumes.
The ogre appears confused.
You hit the ogre.
The ogre looks as sick as possible!
The ogre is severely wounded.
You hit the ogre.
The ogre looks as sick as possible!
The ogre is almost dead.
You kill the ogre!
Sif Muna accepts your kill.
Your Evocations skill increases to level 1!
Okay, then.
You see here a worker ant corpse.
A yak comes into view.
A yak comes into view.
The yak moves out of view. 2 yaks come into view.
A centaur zombie comes into view.
Are you sure you want to abandon this character and quit the game? (Confirm with "yes".)

..#Z### ........##
###.#....).. #
....Y.....
#........... #.
#+#...Y....
#........... #.
#.#.......
#...........
#..#.##Y..#.#
#.......O.5.
cc.#..#.##...#.###
#...........
...............@.#
#...........
.#####u##.###.#.#
#.....#
#.#<[..#.#.#
#.....#
#.###.######.#.#
###.###
#......u.....#.#
#.#
#.###.########.#
#.# ...# #.# #)#
##### #.# #.#
#.######.#


You could see 3 yaks and a centaur zombie (wandering).

Vanquished Creatures
  2 two-headed ogres
  An unseen horror (D:9)
  A cyclops (D:8)
  2 trolls
  Prince Ribbit (D:5)
  4 yaks (D:10)
  Grum (D:8)
  A steam dragon (D:10)
  Duvessa (D:5)
  A porcupine (D:10)
  A sky beast (D:7)
  2 orc warriors
  An eye of draining (D:9)
  2 ice beasts (D:8)
  A phantom (D:9)
  2 black bears (D:10)
  3 centaurs
  4 wolves (D:8)
  6 ogres
  A big kobold (D:8)
  A gnoll sergeant (D:10)
  5 bullfrogs
  A scorpion (D:9)
  Dowan (D:5)
  2 water moccasin skeletons
  4 killer bees (D:9)
  5 wights (D:10)
  A howler monkey (D:6)
  2 crimson imps
  A bullfrog zombie (D:5)
  5 hounds
  3 jellies
  7 orc priests
  A gnoll shaman (D:6)
  3 iguanas
  13 orc wizards
  10 worker ants
  Terence (D:3)
  2 hound zombies
  A worker ant zombie (D:9)
  Robin (D:3)
  5 gnolls
  12 adders
  A shadow imp (D:6)
  3 adder zombies
  3 worms
  2 dart slugs
  4 leopard geckos
  29 orcs
  6 bats
  7 giant cockroaches
  24 goblins
  5 hobgoblins
  14 jackals
  6 quokkas
  A ball python (D:3)
  2 frilled lizards
  4 kobolds
  A leopard gecko skeleton (D:5)
  7 rats
244 creatures vanquished.

Vanquished Creatures (collateral kills)
  An orc wizard (D:9)
1 creature vanquished.

Vanquished Creatures (others)
  A killer bee (D:9)
  A jelly (D:10)
  A gnoll (D:10)
  9 fungi (D:10)
  A plant (D:10)
13 creatures vanquished.

Grand Total: 258 creatures vanquished

Notes
Turn   | Place    | Note
-------+----------+-------------------------------------------
     0 | D:1      | nubinia the Spriggan Venom Mage began the quest for the Orb.
     0 | D:1      | Reached XP level 1. HP: 9/9 MP: 5/5
   277 | D:1      | Reached XP level 2. HP: 13/13 MP: 6/6
   281 | D:1      | Learned a level 2 spell: Poisonous Vapours
   752 | D:1      | Reached XP level 3. HP: 16/16 MP: 8/8
   757 | D:1      | Learned a level 3 spell: Mephitic Cloud
  1039 | D:2      | Found a stormy altar of Qazlal.
  1154 | D:2      | Reached skill level 1 in Short Blades
  1420 | D:2      | Reached skill level 4 in Stealth
  1442 | D:2      | Reached XP level 4. HP: 21/21 MP: 5/9
  1934 | D:3      | Noticed Terence
  1946 | D:3      | Killed Terence
  2176 | D:3      | Noticed Robin
  2255 | D:3      | Killed Robin
  2500 | D:3      | Reached XP level 5. HP: 24/25 MP: 7/11
  3005 | D:3      | Reached skill level 1 in Conjurations
  3048 | D:3      | Noticed an ogre
  3052 | D:3      | Reached skill level 1 in Air Magic
  3113 | D:3      | Killed an ogre
  3113 | D:3      | Reached XP level 6. HP: 26/29 MP: 0/13
  3242 | D:4      | Noticed Grinder
  3296 | D:4      | Found a shattered altar of Ashenzari.
  3525 | D:4      | Found a glowing silver altar of Zin.
  3756 | D:4      | Got a scorched tin ring
  3758 | D:4      | Identified the ring "Latsuiss" {Wiz rElec rF- MP+9 Str+6} (You found it on level 4 of the Dungeon)
  4008 | D:4      | Reached skill level 5 in Spellcasting
  4131 | D:4      | Found a hazy altar of Hepliaklqana.
  4264 | D:5      | Entered Level 5 of the Dungeon
  4354 | D:5      | Reached XP level 7. HP: 32/32 MP: 16/16
  4457 | D:5      | Reached skill level 5 in Stealth
  4678 | D:5      | Reached skill level 1 in Fighting
  4697 | D:5      | Noticed Prince Ribbit
  4715 | D:5      | Killed Prince Ribbit
  4715 | D:5      | Reached skill level 5 in Poison Magic
  5139 | D:5      | Noticed Duvessa
  5140 | D:5      | Noticed Dowan
  5153 | D:5      | Killed Dowan
  5153 | D:5      | Reached XP level 8. HP: 37/37 MP: 19/19
  5183 | D:5      | Found a bloodstained altar of Trog.
  5186 | D:5      | Killed Duvessa
  5388 | D:6      | Reached skill level 6 in Stealth
  5729 | D:6      | Reached skill level 7 in Stealth
  6362 | D:6      | Reached skill level 1 in Shields
  6450 | D:6      | Reached skill level 8 in Stealth
  6654 | D:7      | Found a staircase to the Ecumenical Temple.
  6691 | Temple   | Entered the Ecumenical Temple
  6749 | Temple   | Became a worshipper of Sif Muna the Loreminder
  6790 | D:7      | Noticed Sapher's ghost (amateur VSFi)
  7184 | D:8      | Noticed a two-headed ogre
  7208 | D:8      | Killed a two-headed ogre
  7208 | D:8      | Reached skill level 5 in Short Blades
  7208 | D:8      | Reached skill level 5 in Dodging
  7208 | D:8      | Reached skill level 9 in Stealth
  7208 | D:8      | Reached XP level 9. HP: 42/42 MP: 22/22
  7355 | D:8      | Noticed Grum
  7385 | D:8      | Killed Grum
  7503 | D:8      | Noticed a cyclops
  7514 | D:8      | Killed a cyclops
  7514 | D:8      | Reached skill level 10 in Stealth
  7930 | D:8      | Found a blossoming altar of Fedhas.
  7930 | D:8      | Found a sparkling altar of Nemelex Xobeh.
  7935 | D:8      | Found a basalt altar of Yredelemnul.
  7937 | D:8      | Found a shattered altar of Ashenzari.
  7939 | D:8      | Found a radiant altar of Vehumet.
  8101 | D:7      | Reached XP level 10. HP: 46/46 MP: 24/24
  8282 | D:9      | Noticed Sapher's ghost (novice VSFi)
  8336 | D:9      | Learned a level 2 spell: Shroud of Golubria
  8385 | D:9      | Reached * piety under Sif Muna
  8787 | D:9      | Noticed a two-headed ogre
  8804 | D:9      | Killed a two-headed ogre
  8804 | D:9      | Reached skill level 11 in Stealth
  8804 | D:9      | Reached skill level 1 in Translocations
  8859 | D:9      | Noticed an unseen horror
  8866 | D:9      | Killed an unseen horror
  9280 | D:10     | Entered Level 10 of the Dungeon
  9293 | D:10     | Noticed a two-headed ogre
  9416 | D:10     | Reached ** piety under Sif Muna
  9416 | D:10     | Reached skill level 10 in Spellcasting
 10483 | D:10     | Found a staircase to the Orcish Mines.
 10542 | D:10     | Found a staircase to the Lair.
 10600 | D:10     | Reached XP level 11. HP: 46/51 MP: 26/26
 10663 | D:11     | Noticed a green ugly thing
 10699 | D:11     | Reached *** piety under Sif Muna
 10825 | D:11     | Reached skill level 1 in Evocations
 10842 | D:11     | Quit the game

Vault maps used:
D:1:      scummos_arrival_simple_fountains
D:2:      lemuel_crystal_altar, first_bread
D:3:      kennysheep_crisscross, minmay_ogre_servants, uniq_terence, uniq_robin
D:4:      chequers_temple_overflow_statue_of_worship,
          nicolae_ashenzari_panopticon, uniq_grinder
D:5:      lemuel_coloured_pillars_altar, uniq_duvessa, uniq_prince_ribbit1
D:6:      minmay_diamond_boxcup
D:7:      temple_pool_b, st_stairs_12
D:8:      chequers_temple_overflow_minitemple, blue_anna_alchemist,
          serial_park_tiny_2, uniq_grum
D:9:      nicolae_benzene_ring
D:10:     grunt_lair_entry_orc_guard_hut, orc_0_dummy, serial_glass,
          glass_columns_a, glass_columns_a
D:11:     uniq_fannar, uniq_sonja
Temple:   nicolae_temple_figure_eight

Skill      XL: |  1  2  3  4  5  6  7  8  9 10 11 |
---------------+----------------------------------+-----
Short Blades   | 1 2 3 5 6 |  6.5
Spellcasting   | 3 4 5 6 8 9 10 | 10.6
Stealth        | 4 5 9 10 11 | 11.9
Poison Magic   | 4 5 |  5.1
Conjurations   | 1 |  1.8
Air Magic      | 1 2 3 4 |  4.5
Fighting       | 1 2 |  2.6
Dodging        | 4 5 6 |  6.8
Shields        | 1 2 3 |  3.1
Charms         | 4 |  4.8
Translocations | 4 |  4.2
Evocations     | 1 |  1.0

Action                   |  1- 3 |  4- 6 |  7- 9 | 10-12 || total
-------------------------+-------+-------+-------+-------++-------
Melee: Short sword       |    23 |    92 |   111 |    40 ||   266
       Dagger            |       |       |   247 |   127 ||   374
 Cast: Sting             |    55 |    77 |    40 |     6 ||   178
       Poisonous Vapours |     2 |    23 |    17 |    45 ||    87
       Mephitic Cloud    |       |     5 |    21 |    34 ||    60
Invok: Divine Energy     |       |       |       |     1 ||     1
Evoke: Wand              |       |       |       |    11 ||    11
  Use: Scroll            |     7 |     6 |     4 |     1 ||    18
       Potion            |       |       |     1 |     2 ||     3
 Stab: Sleeping          |    11 |     5 |    13 |     7 ||    36
       Confused          |       |     2 |    17 |    23 ||    42
       Distracted        |       |       |     1 |       ||     1
       Invisible         |       |       |     2 |       ||     2
  Eat: Fruit             |       |     2 |       |       ||     2
       Bread ration      |       |       |     1 |       ||     1
       Royal jelly       |       |       |       |     1 ||     1
Armor: Robe              |     3 |     5 |    13 |       ||    21
Dodge: Dodged            |    12 |    56 |   172 |    53 ||   293
Block: Buckler           |       |     9 |    72 |    32 ||   113
